 Dungeon Crawl Stone Soup version 0.29.0-13-gc9e81de378 (webtiles) character file.

Game seed: 7758124651909855704

285 keekatzer the Caller (level 6, -11/51 HPs)
             Began as a Ghoul Summoner on Sept 9, 2022.
             Killed by divine providence
             ... invoked by an orc priest
              (12 damage)
             ... on level 3 of the Dungeon.
             The game lasted 00:09:00 (1495 turns).

keekatzer the Caller (Ghoul Summoner)               Turns: 1495, Time: 00:09:01

Health: -11/51     AC:  2    Str: 12    XL:     6   Next: 29%
Magic:  8/8        EV: 12    Int: 10    God:
Gold:   135        SH:  0    Dex: 11    Spells: 3/9 levels left

rFire   . . .      SeeInvis .   r - +1 hand axe (elec)
rCold   + . .      Faith    .   (no shield)
rNeg    + + +      Spirit   .   a - +0 robe
rPois   ∞          Reflect  .   (no helmet)
rElec   .          Harm     .   (no cloak)
rCorr   .          Rampage  .   (no gloves)
Will    .....                   (no boots)
Stlth   ++........              (no amulet)
HPRegen 0.00/turn               (no ring)
MPRegen 0.11/turn               (no ring)

@: inhibited regen
A: claws 1, cold resistance 1, negative energy resistance 3, inhibited
regeneration, torment resistance 2, devour on kill
a: no special abilities


You were on level 3 of the Dungeon.
You visited 1 branch of the dungeon, and saw 3 of its levels.

You collected 135 gold pieces.

Inventory:

Hand Weapons
 f - a +0 mace
 j - a +0 dagger
 q - a +2 vorpal sling
 r - a +1 hand axe of electrocution (weapon)
Missiles
 g - 3 poisoned darts (quivered)
Armour
 a - a +0 robe (worn)
 d - a +0 leather armour
 z - a +0 ring mail
 A - the +2 ring mail of Xoufe {Str+6}
   (You found it on level 3 of the Dungeon)

   Str:       It affects your strength (+6).
Scrolls
 c - a scroll of torment {unknown}
 h - a scroll of poison {unknown}
 k - a scroll of identify {unknown}
 l - 4 scrolls of noise {unknown}
 n - a scroll of teleportation {unknown}
 o - 2 scrolls of vulnerability {unknown}
 p - a scroll of summoning {unknown}
 s - a scroll of amnesia {unknown}
 x - a scroll of immolation {unknown}
 y - a scroll of silence {unknown}
Potions
 b - a potion of magic
 e - a potion of cancellation {unknown}
 i - a potion of mutation {unknown}
 m - 2 potions of curing {unknown}
 t - a potion of resistance {unknown}
 u - 2 potions of heal wounds {unknown}
 v - a potion of brilliance {unknown}
 w - a potion of lignification {unknown}


   Skills:
 + Level 3.1 Fighting
 + Level 1.4 Armour
 + Level 2.5 Dodging
 - Level 2.1 Stealth
 + Level 2.4 Spellcasting
 * Level 5.0 Summonings


You had 3 spell levels left.
You knew the following spells:

 Your Spells              Type           Power      Damage    Failure   Level
a - Summon Small Mammal   Summ           44%        N/A       3%          1
b - Call Imp              Summ           11%        N/A       5%          2
c - Call Canine Familiar  Summ           11%        N/A       11%         3

Your spell library contained the following spells:

 Spells                   Type           Power      Damage    Failure   Level
 Summon Guardian Golem    Hex/Summ       6%         N/A       32%         3
 Summon Lightning Spire   Summ/Air       6%         N/A       71%         4


Dungeon Overview and Level Annotations

Branches:
Dungeon (3/15)

Altars:


Innate Abilities, Weirdness & Mutations

You are immune to poison.
You have sharp fingernails.
Your flesh is cold resistant. (rC+)
You are immune to negative energy. (rN+++)
You do not regenerate when monsters are visible.
You are immune to unholy pain and torment.
You thrive by killing the living.


Message History

You hit the orc priest.
Lightning courses through the orc priest!
You kill the orc priest!
You closely miss the orc priest.
The orc priest hits you with a +0 short sword.
Unknown command.
You barely miss the orc priest.
The orc priest is severely wounded.
An orc priest comes into view. It is wielding a +0 mace.
The orc priest hits you with a +0 short sword.
You hit the orc priest.
The orc priest is almost dead.
You hit the orc priest but do no damage.
The orc priest mumbles some strange prayers to Beogh against you.
Beogh smites you! The orc priest barely misses you.
Unknown command.
You closely miss the orc priest.
The orc priest is almost dead.
You hit the orc priest but do no damage.
The orc priest invokes the aid of Beogh against you.
Beogh smites you!
* * * LOW HITPOINT WARNING * * *
The orc priest closely misses you.
You hit the orc priest but do no damage.
The orc priest is almost dead.
You hit the orc priest.
Lightning courses through the orc priest!
The orc priest calls upon Beogh to heal the orc priest.
The orc priest is healed somewhat.
The orc priest closely misses you.
The orc priest mumbles some strange prayers to Beogh against you.
Beogh smites you!
* * * LOW HITPOINT WARNING * * *
The orc priest hits you with a +0 short sword.
* * * LOW HITPOINT WARNING * * *
You barely miss the orc priest.
The orc priest is severely wounded.
You closely miss the orc priest.
The orc priest invokes the aid of Beogh against you.
Beogh smites you!
You die...

#.#####
#.#...#
#.#.#.###
#.#.#.§.#
#...###.#
#######.#
## #....#
.#
#.#######o#
#.#.....@o#
#...#######
#####


You could see 2 orc priests.

Vanquished Creatures
  2 orc priests (D:3)
  A gnoll (D:2)
  2 adders (D:2)
  A worm (D:3)
  A dart slug (D:2)
  An orc (D:3)
  A ball python (D:3)
  3 bats
  6 endoplasms
  A giant cockroach (D:1)
  2 goblins (D:3)
  3 hobgoblins
  5 kobolds
  A quokka (D:3)
  6 frilled lizards
  4 rats
40 creatures vanquished.

Vanquished Creatures (collateral kills)
  A water moccasin (D:3)
  Terence (D:2)
  2 gnolls (D:2)
  A worm (D:2)
  An orc (D:2)
  A kobold (D:1)
  A quokka (D:2)
  A bat (D:1)
  A rat (D:1)
10 creatures vanquished.

Vanquished Creatures (others)
  A fungus (D:1)
  A plant (D:1)
2 creatures vanquished.

Grand Total: 52 creatures vanquished

Notes
Turn   | Place    | Note
-------+----------+-------------------------------------------
     0 | D:1      | keekatzer the Ghoul Summoner began the quest for the Orb.
     0 | D:1      | Reached XP level 1. HP: 14/14 MP: 2/2
   156 | D:1      | Reached skill level 1 in Fighting
   287 | D:1      | Found a faded altar of an unknown god.
   306 | D:1      | Reached XP level 2. HP: 20/24 MP: 0/3
   386 | D:1      | Learned a level 2 spell: Call Imp
   754 | D:2      | Reached XP level 3. HP: 29/29 MP: 1/4
   763 | D:2      | Noticed Terence
   770 | D:2      | Killed Terence
   771 | D:2      | Reached skill level 4 in Summonings
   833 | D:2      | Reached XP level 4. HP: 36/36 MP: 5/5
   842 | D:2      | Learned a level 3 spell: Call Canine Familiar
  1296 | D:3      | Noticed a water moccasin
  1319 | D:3      | Killed a water moccasin
  1320 | D:3      | Reached skill level 1 in Armour
  1320 | D:3      | Reached XP level 5. HP: 40/44 MP: 2/7
  1375 | D:3      | Reached XP level 6. HP: 41/50 MP: 5/8
  1470 | D:3      | Identified the +2 ring mail of Xoufe {Str+6}
  1486 | D:3      | Reached skill level 5 in Summonings
  1494 | D:3      | HP: 2/51 [orc priest/divine providence (12)]
  1495 | D:3      | Killed from afar by an orc priest

Illustrated notes

Levels and vault maps discovered:
D:1:      dpeg_arrival_boxorama, layout_loops_ring,
          dreamdust_ecumenical_altar_grove
D:2:      layout_rooms, uniq_terence
D:3:      layout_basic

Skill      XL: |  1  2  3  4  5  6 |
---------------+-------------------+-----
Fighting       | 1 2 3 |  3.1
Summonings     | 4 5 |  5.0
Dodging        | 2 |  2.5
Spellcasting   | 2 |  2.4
Armour         | 1 |  1.4
Stealth        | |  2.1

Action                   |  1- 3 |  4- 6 || total
-------------------------+-------+-------++-------
Melee: Club              |    29 |       ||    29
       Unarmed           |     4 |       ||     4
       Mace              |    32 |       ||    32
       Hand axe          |    10 |    57 ||    67
       Punch             |     1 |     1 ||     2
 Cast: Summon Small Mamm |    11 |       ||    11
       Call Imp          |     1 |     3 ||     4
       Call Canine Famil |       |     3 ||     3
 Stab: Sleeping          |     3 |     2 ||     5
Armor: Robe              |    29 |     5 ||    34
Dodge: Dodged            |    56 |    46 ||   102
